 Dungeon Crawl Stone Soup version 0.29.1-15-g9cfb28693d (webtiles) character file.

Game seed: 4097730543659552863

14312 PhantomBowie the Arsonist (level 11, -2/94 HPs)
             Began as a Red Draconian Fire Elementalist on Mar 11, 2023.
             Was an Elder of Vehumet.
             Slain by a komodo dragon (28 damage)
             ... on level 1 of the Lair of Beasts on Mar 12, 2023.
             The game lasted 00:47:25 (11461 turns).

PhantomBowie the Arsonist (DrFE)                   Turns: 11461, Time: 00:47:27

Health: -2/94      AC: 10    Str: 11    XL:     11   Next: 87%
Magic:  11/22      EV: 16    Int: 25    God:    Vehumet [****..]
Gold:   526        SH:  0    Dex: 18    Spells: 9/25 levels left

rFire   . . .      SeeInvis .   D - +9 great sword of Sharp Conscience {speed, rPois rN+ Stlth+}
rCold   . . .      Faith    .   (shield currently unavailable)
rNeg    + + .      Spirit   .   (body armour unavailable)
rPois   +          Reflect  .   G - +1 hat
rElec   .          Harm     .   P - +0 cloak
rCorr   .          Rampage  .   b - +0 pair of gloves
Will    .....                   (no boots)
Stlth   ++++......              n - amulet of regeneration
HPRegen 1.05/turn               S - +6 ring of intelligence
MPRegen 0.18/turn               y - ring "Jijaf" {rPois rF- rN+ Dex+6 Stlth+}

@: no status effects
A: breathe fire, AC +7, unfitting armour, fire resistance 1, cold-blooded
a: Breathe Fire, Renounce Religion


You were on level 1 of the Lair of Beasts.
You worshipped Vehumet.
Vehumet was greatly pleased with you.
You visited 3 branches of the dungeon, and saw 12 of its levels.

You collected 592 gold pieces.
You spent 66 gold pieces at shops.

Inventory:

Hand Weapons
 d - a +0 dagger
 D - the +9 great sword of Sharp Conscience (weapon) {speed, rPois rN+ Stlth+}
   (You found it on level 4 of the Dungeon)

   Attacks with this weapon are significantly faster.
   rPois:     It protects you from poison.
   rN:        It protects you from negative energy.
   Stlth:     It makes you more stealthy.
Missiles
 c - 37 poisoned darts (quivered)
 e - 9 boomerangs
Armour
 b - a +0 pair of gloves (worn)
 G - a +1 hat (worn)
 P - a +0 cloak (worn)
Jewellery
 j - a ring of willpower
 n - an amulet of regeneration (around neck)
 w - a +4 ring of protection
 y - the ring "Jijaf" (right hand) {rPois rF- rN+ Dex+6 Stlth+}
   (You found it on level 3 of the Dungeon)

   [ring of poison resistance]

   Dex:       It affects your dexterity (+6).
   rF:        It makes you vulnerable to fire.
   rPois:     It protects you from poison.
   rN:        It protects you from negative energy.
   Stlth:     It makes you more stealthy.
 Q - a ring of resist corrosion
 S - a +6 ring of intelligence (left hand)
Wands
 x - a wand of iceblast (9)
 F - a wand of flame (8)
 K - a wand of mindburst (27)
 M - a wand of quicksilver (9)
 N - a wand of polymorph (7)
Scrolls
 g - 4 scrolls of amnesia
 h - 2 scrolls of poison
 l - a scroll of immolation
 o - a scroll of torment
 q - 2 scrolls of summoning
 s - 2 scrolls of blinking {unknown}
 t - a scroll of identify
 u - a scroll of silence {unknown}
 v - 3 scrolls of butterflies {unknown}
 z - a scroll of magic mapping
 B - 4 scrolls of teleportation
 C - 3 scrolls of noise {unknown}
 I - 3 scrolls of fear
 L - a scroll of vulnerability {unknown}
 O - a scroll of brand weapon {unknown}
Potions
 a - 3 potions of magic
 f - 2 potions of attraction
 i - 4 potions of mutation
 m - 5 potions of cancellation
 p - 3 potions of heal wounds
 r - 7 potions of curing
 E - 2 potions of might {unknown}
 H - 2 potions of haste {unknown}
 J - 3 potions of lignification {unknown}
 R - a potion of ambrosia {unknown}


   Skills:
 + Level 8.0 Fighting
 + Level 7.3 Long Blades
 + Level 7.7 Dodging
 - Level 1.7 Stealth
 + Level 7.9 Spellcasting
 - Level 8.0 Conjurations
 + Level 1.1 Summonings
 + Level 10.5 Fire Magic


You had 9 spell levels left.
You knew the following spells:

 Your Spells              Type           Power      Damage    Failure   Level
a - Foxfire               Conj/Fire      100%       2x1d9     1%          1
b - Scorch                Fire           100%       2d10      1%          2
c - Conjure Flame         Conj/Fire      54%        6-21      1%          3
d - Inner Flame           Hex/Fire       36%        N/A       1%          3
e - Flame Wave            Conj/Fire      54%        2d13      1%          4
f - Call Canine Familiar  Summ           15%        N/A       12%         3

Your spell library contained the following spells:

 Spells                   Type           Power      Damage    Failure   Level
 Hailstorm                Conj/Ice       30%        3d8       3%          4
 Poisonous Vapours        Pois/Air       18%        N/A       2%          2
 Summon Small Mammal      Summ           60%        N/A       3%          1
 Beastly Appendage        Tmut           18%        N/A       6%          1
 Lightning Bolt           Conj/Air       15%        1d29      9%          5
 Wereblood                Tmut           9%         N/A       10%         2
 Summon Guardian Golem    Hex/Summ       12%        N/A       14%         3
 Airstrike                Air            4%         2d(1-17)  16%         4
 Portal Projectile        Hex/Tloc       18%        N/A       19%         3
 Spider Form              Tmut/Pois      9%         N/A       19%         3
 Tukima's Dance           Hex            9%         N/A       19%         3
 Yara's Violent Unravell  Hex/Tmut       4%         3d4       38%         5
 Summon Lightning Spire   Summ/Air       12%        N/A       43%         4
 Corpse Rot               Necr/Pois/Air  9%         N/A       52%         4
 Passage of Golubria      Tloc           9%         N/A       52%         4
 Blade Hands              Tmut           4%         N/A       86%         5


Dungeon Overview and Level Annotations

Branches:
Dungeon (10/15)            Temple (1/1) D:4            Lair (1/5) D:8
    Orc (0/2) D:10

Altars:
Ashenzari
Dithmenos
Elyvilon
Fedhas
Gozag
Hepliaklqana
Kikubaaqudgha
Makhleb
Nemelex Xobeh
Qazlal
Ru
Sif Muna
Trog
Uskayaw
Vehumet
Wu Jian
Xom
Yredelemnul
Zin
The Shining One

Shops:
D:1 [   D:7 ?

Annotations:
D:9 5 runed translucent doors, senjinn's ghost, novice OpTm


Innate Abilities, Weirdness & Mutations

You can breathe blasts of fire.
Your fiery red scales are hard. (AC +7)
You cannot fit into any form of body armour.
Your flesh is heat resistant. (rF+)
You are cold-blooded and may be slowed by cold attacks.


Message History

Casting: Foxfire (safe; 1% risk of failure)
Confirm with . or Enter, or press ? or * to list all spells.
You conjure some foxfire!
The foxfire hits the komodo dragon but does no damage.
The foxfire hits the komodo dragon.
The komodo dragon is lightly wounded.
Casting: Foxfire (safe; 1% risk of failure)
Confirm with . or Enter, or press ? or * to list all spells.
Flames lash the komodo dragon.
The komodo dragon is moderately wounded.
The komodo dragon's fire resistance burns away.
The foxfire hits the komodo dragon but does no damage.
The komodo dragon is moderately wounded.
The foxfire hits the komodo dragon.
The komodo dragon is moderately wounded.
Casting: Scorch (safe; 1% risk of failure)
Confirm with . or Enter, or press ? or * to list all spells.
You conjure some foxfire!
You barely miss the komodo dragon.
The komodo dragon is moderately wounded.
The foxfire hits the komodo dragon.
The komodo dragon is burned terribly!
The komodo dragon is moderately wounded.
The foxfire hits the komodo dragon!
The komodo dragon is burned terribly!
The komodo dragon is heavily wounded.
The komodo dragon bites you!!
You slash the komodo dragon!
The komodo dragon is severely wounded.
The komodo dragon bites you.
You hit the komodo dragon but do no damage.
The komodo dragon is severely wounded.
The komodo dragon is no longer more vulnerable to fire.
The komodo dragon bites you!
* * * LOW HITPOINT WARNING * * *
Casting: Foxfire (safe; 1% risk of failure)
Confirm with . or Enter, or press ? or * to list all spells.
Flames lash the komodo dragon.
The komodo dragon is almost dead.
The komodo dragon's fire resistance burns away.
The komodo dragon bites you!!
You die...

#.§ ≈≈≈≈........ .... .
#.≈ #≈#≈........ $...
..#.≈###≈#≈........
..... ..≈≈≈≈≈≈≈........
#.#.. ...............
...... ##.#..####....#
#..†####.....# #.....
..#.........#..####....#
.......@##..............
.......l###.............
........# #...[.........
..P...P.# ####.P#.####..
........# #..### #..
...##...# #P.## #.. ...
..... ..... #.. ..
...... ...... .. ......


You could see a komodo dragon (combustible).

Vanquished Creatures
  2 two-headed ogres
  Pikel (D:5)
  5 elephants
  2 cane toads (Lair:1)
  A black mamba (Lair:1)
  A komodo dragon (D:8)
  A hellwing (D:9)
  An ice devil (D:9)
  A troll (D:9)
  Prince Ribbit (D:5)
  3 blink frogs (Lair:1)
  25 yaks
  Sigmund (D:2)
  2 wyverns
  3 basilisks (D:8)
  A steam dragon (D:8)
  3 water moccasins
  2 orc warriors (D:9)
  An ice beast (D:5)
  An ogre (D:7)
  4 centaurs
  2 kobold brigands
  5 bullfrogs
  A necrophage (D:7)
  6 scorpions
  4 wights (D:7)
  10 killer bees
  2 howler monkeys
  3 quasits (D:9)
  4 jellies
  7 orc priests
  2 gnoll boudas
  6 hounds
  Ijyb (D:5)
  An iguana (D:6)
  8 orc wizards
  6 adders
  12 gnolls
  A shadow imp (D:7)
  3 white imps
  An ufetubus (D:7)
  3 worms
  33 orcs
  4 ball pythons
  10 endoplasms
  5 giant cockroaches
  4 goblins
  7 hobgoblins
  6 jackals
  2 quokkas
  5 bats
  6 frilled lizards
  14 kobolds
  5 rats
251 creatures vanquished.

Vanquished Creatures (others)
  726 foxfires
  4 plants (D:1)
730 creatures vanquished.

Grand Total: 981 creatures vanquished

Notes
Turn   | Place    | Note
-------+----------+-------------------------------------------
     0 | D:1      | PhantomBowie the Draconian Fire Elementalist began the
                  | quest for the Orb.
     0 | D:1      | Reached XP level 1. HP: 14/14 MP: 3/3
    60 | D:1      | Found Bauf's Armour Shoppe.
   248 | D:1      | Reached XP level 2. HP: 18/20 MP: 1/5
   849 | D:1      | Reached XP level 3. HP: 26/26 MP: 2/6
  1202 | D:2      | Noticed Sigmund
  1437 | D:2      | Found a faded altar of an unknown god.
  1602 | D:2      | Killed Sigmund
  1603 | D:2      | Reached skill level 4 in Fire Magic
  1603 | D:2      | Reached XP level 4. HP: 17/33 MP: 2/8
  1603 | D:2      | Reached XP level 5. HP: 19/38 MP: 2/9
  2277 | D:3      | Reached XP level 6. HP: 20/45 MP: 0/11
  2551 | D:3      | Found a glowing golden altar of the Shining One.
  2645 | D:3      | Identified the ring "Jijaf" {rPois rF- rN+ Dex+6 Stlth+}
  3406 | D:4      | Identified the +9 great sword of Sharp Conscience {speed,
                  | rPois rN+ Stlth+}
  3560 | D:4      | Found a staircase to the Ecumenical Temple.
  3576 | Temple   | Entered the Ecumenical Temple
  3748 | Temple   | Became a worshipper of Vehumet
  3816 | D:4      | Your scales start taking on a fiery red colour.
  3816 | D:4      | Reached skill level 5 in Fire Magic
  3816 | D:4      | Reached XP level 7. HP: 50/50 MP: 8/12
  3816 | D:4      | Gained mutation: Your flesh is heat resistant. (rF+) [Red
                  | Draconian growth]
  3874 | D:5      | Entered Level 5 of the Dungeon
  3952 | D:5      | Reached skill level 1 in Long Blades
  4011 | D:4      | Learned a level 2 spell: Scorch
  4015 | D:4      | Learned a level 3 spell: Conjure Flame
  4019 | D:4      | Learned a level 3 spell: Inner Flame
  4024 | D:4      | Learned a level 4 spell: Flame Wave
  4030 | D:4      | Reached skill level 1 in Fighting
  4210 | D:5      | Noticed Prince Ribbit
  4222 | D:5      | Killed Prince Ribbit
  4223 | D:5      | Reached skill level 6 in Fire Magic
  4293 | D:5      | Found an opulent altar of Gozag.
  4477 | D:5      | Reached XP level 8. HP: 58/61 MP: 11/14
  4592 | D:5      | Noticed Pikel
  4608 | D:5      | Killed Pikel
  4708 | D:5      | Found a sparkling altar of Nemelex Xobeh.
  4709 | D:5      | Found an ornate altar of the Wu Jian Council.
  4710 | D:5      | Noticed Ijyb
  4719 | D:5      | Killed Ijyb
  4961 | D:5      | Reached skill level 5 in Spellcasting
  4961 | D:5      | Reached skill level 7 in Fire Magic
  4981 | D:5      | Reached skill level 5 in Conjurations
  5806 | D:6      | Reached skill level 5 in Dodging
  5809 | D:6      | Reached XP level 9. HP: 68/71 MP: 5/16
  5817 | D:6      | Reached * piety under Vehumet
  5817 | D:6      | Offered knowledge of Freeze by Vehumet.
  6872 | D:7      | Reached skill level 8 in Fire Magic
  7073 | D:7      | Offered knowledge of Sandblast by Vehumet.
  7150 | D:7      | Found Ifishoiwe's Magic Scroll Shop.
  7165 | D:7      | Bought a scroll of identify for 22 gold pieces
  7165 | D:7      | Bought a scroll of identify for 22 gold pieces
  7165 | D:7      | Bought a scroll of identify for 22 gold pieces
  7318 | D:7      | Found a hide-covered altar of Uskayaw.
  7450 | D:8      | Reached skill level 5 in Fighting
  7664 | D:8      | Reached XP level 10. HP: 60/81 MP: 11/19
  7842 | D:8      | Reached ** piety under Vehumet
  7952 | D:8      | Noticed a two-headed ogre
  7958 | D:8      | Killed a two-headed ogre
  7959 | D:8      | Reached skill level 5 in Long Blades
  8252 | D:8      | Found a staircase to the Lair.
  8349 | D:8      | Reached skill level 9 in Fire Magic
  8718 | D:9      | Found a runed translucent gate.
  8718 | D:9      | Found a runed translucent gate.
  8719 | D:9      | Found a runed translucent gate.
  8721 | D:9      | Noticed senjinn's ghost (novice OpTm)
  8721 | D:9      | Noticed a wizard
  8957 | D:9      | You fall into a shaft and drop 1 floor!
  8957 | D:10     | Entered Level 10 of the Dungeon
  9042 | D:9      | Offered knowledge of Stone Arrow by Vehumet.
  9331 | D:9      | Found a large runed translucent door.
  9332 | D:9      | Found a large runed translucent door.
  9531 | D:9      | Reached XP level 11. HP: 90/91 MP: 15/21
  9577 | D:9      | Reached *** piety under Vehumet
 10066 | D:10     | Noticed a two-headed ogre
 10071 | D:10     | Offered knowledge of Hailstorm by Vehumet.
 10076 | D:10     | Killed a two-headed ogre
 10391 | D:10     | Identified the +7 broad axe "Sian" {drain, rPois}
 10679 | D:10     | Found a staircase to the Orcish Mines.
 10876 | Lair:1   | Entered Level 1 of the Lair of Beasts
 10885 | Lair:1   | Reached skill level 10 in Fire Magic
 10981 | D:8      | Reached **** piety under Vehumet
 11326 | Lair:1   | Learned a level 3 spell: Call Canine Familiar
 11454 | Lair:1   | Reached skill level 1 in Summonings
 11461 | Lair:1   | Slain by a komodo dragon

Illustrated notes

Levels and vault maps discovered:
D:1:      tarquinn_simple_flora_water_c, layout_loops_ring, serial_shops,
          nicolae_shop_advertising_works [nicolae_subvault_shop_adworks],
          st_stairs_5
D:2:      layout_loops_ring, ebering_ecumenical_altar_sacrificial,
          minmay_misc_feat_roman, amcnicky_mini_rare_corridor_liquid,
          nicolae_concentric_dashed_squares_wild, uniq_sigmund
D:3:      layout_loops_cross, tso_metal_star, st_stairs_1
D:4:      layout_rooms, minmay_temple_entry_ruins
D:5:      layout_layer_cave, mainiacjoe_overflow_small_starburst,
          amethyst_overflow_temple_binary, uniq_prince_ribbit1, uniq_ijyb,
          uniq_pikel
D:6:      layout_loops_ring, minivault_5
D:7:      layout_loops_ring, kennysheep_little_box, serial_shops,
          nicolae_square_shop, kennysheep_generic_room_14
D:8:      layout_basic, erik_lair_dragon
D:9:      layout_irregular_city, jmf_multi_god_temple2, serial_demonic,
          serial_demonic_c, serial_demonic_d, serial_demonic_b,
          serial_demonic_d, gammafunk_ghost_split
D:10:     layout_gridville, minmay_orc_entry_temple_small
Temple:   bh_familiar_temple
Lair:1:   layout_gridlike, hangedman_lair_generics_rect

Skill      XL: |  1  2  3  4  5  6  7  8  9 10 11 |
---------------+----------------------------------+-----
Dodging        | 2 3 4 5 6 7 |  7.7
Spellcasting   | 3 4 5 6 7 |  7.9
Conjurations   | 2 3 4 5 6 7 8 |  8.0
Fire Magic     | 4 5 6 7 8 9 10 | 10.5
Long Blades    | 2 3 4 6 7 |  7.3
Fighting       | 2 3 5 6 8 |  8.0
Summonings     | 1 |  1.1
Stealth        | |  1.7

Action                   |  1- 3 |  4- 6 |  7- 9 | 10-12 || total
-------------------------+-------+-------+-------+-------++-------
Melee: Dagger            |    32 |    31 |       |       ||    63
       Tailslap          |     4 |     4 |    12 |    28 ||    48
       Great sword       |       |     5 |    98 |   143 ||   246
 Cast: Foxfire           |    48 |   104 |   152 |   139 ||   443
       Scorch            |       |       |     7 |    64 ||    71
       Flame Wave        |       |       |     1 |     6 ||     7
  Use: Scroll            |     8 |       |     5 |     1 ||    14
Armor: Skin              |    11 |    21 |    31 |    65 ||   128
Dodge: Dodged            |    34 |    40 |    84 |   159 ||   317
